 Dungeon Crawl Stone Soup version 0.25.1-1-g288607f5aa (webtiles) character file.

Game seed: 6757578766892049238

424 Elvor the Chopper (level 6, -23/53 HPs)
             Began as a Minotaur Fighter on July 24, 2020.
             Hit by a large rock thrown by a cyclops (36 damage)
             ... on level 7 of the Dungeon.
             The game lasted 00:20:15 (1929 turns).

Elvor the Chopper (Minotaur Fighter)                Turns: 1929, Time: 00:20:16

Health: -23/53     AC:  9    Str: 22    XL:     6   Next: 64%
Magic:  5/5        EV:  7    Int:  5    God:
Gold:   226        SH: 10    Dex: 10    Spells: 5/5 levels left

rFire    . . .     SeeInvis .   a - +0 war axe
rCold    . . .     Gourm    .   c - +0 kite shield
rNeg     . . .     Faith    .   t - +0 chain mail
rPois    .         Spirit   .   (helmet restricted)
rElec    .         Reflect  .   (no cloak)
rCorr    .         Harm     .   (no gloves)
MR       .....                  (no boots)
Stlth    ..........             (no amulet)
HPRegen  0.17/turn              (no ring)
MPRegen  0.09/turn              p - ring of stealth

@: no status effects
A: retaliatory headbutt, horns 2
a: no special abilities


You were on level 7 of the Dungeon.
You were hungry.

You visited 1 branch of the dungeon, and saw 5 of its levels.

You collected 226 gold pieces.

Inventory:

Hand Weapons
 a - a +0 war axe (weapon)
 b - a +1 hand axe of draining
 n - a +2 mace of protection
Missiles
 j - 36 poisoned darts (quivered)
Armour
 c - a +0 kite shield (worn)
 t - a +0 chain mail (worn)
Jewellery
 m - an uncursed ring of teleportation
 p - a ring of stealth (right hand)
Scrolls
 e - 3 scrolls of remove curse
 g - 2 scrolls of noise
 l - a scroll of blinking
 q - 2 scrolls of random uselessness
 s - 3 scrolls of teleportation
Potions
 d - a potion of might
 i - a potion of curing {unknown}
 k - a potion of heal wounds
 o - a potion of invisibility {unknown}
 r - a potion of mutation {unknown}
Comestibles
 f - 4 rations
 h - 5 chunks of flesh


   Skills:
 + Level 4.7 Fighting
 + Level 5.1 Axes
 + Level 1.4 Throwing
 + Level 5.0 Armour
 + Level 2.4 Dodging
 + Level 5.1 Shields


You had 5 spell levels left.
You didn't know any spells.
Your spell library was empty.

Dungeon Overview and Level Annotations

Branches:
Dungeon (7/15)
 Temple: D:4-7

Altars:
Elyvilon
Makhleb
Yredelemnul

Annotations:
D:6 Edmund, Eustachio


Innate Abilities, Weirdness & Mutations

You reflexively headbutt those who attack you in melee.
You have a pair of horns on your head.


Message History

The cyclops is poisoned.
The cyclops throws a large rock.
The large rock hits you!
Throwing (i - inventory)
j - 38 poisoned darts (quivered)
Press: ? - help, Shift-Dir - straight line, f/p - cyclops
Aim: a cyclops, quivering 4 large rocks (poisoned)
You throw a poisoned dart. The poisoned dart hits the cyclops.
The cyclops looks even sicker.
Throwing (i - inventory)
j - 37 poisoned darts (quivered)
Press: ? - help, Shift-Dir - straight line, f/p - cyclops
Aim: a cyclops, quivering 4 large rocks (lightly wounded, very poisoned)
You throw a poisoned dart.
The poisoned dart barely misses the cyclops.
The cyclops throws a large rock.
The large rock hits you.
The cyclops throws a large rock.
The large rock hits you!
* * * LOW HITPOINT WARNING * * *
You see here a large rock.
You are feeling hungry.
The cyclops throws a large rock.
The large rock hits you!!!
Ouch! That really hurt!
You die...

### #.. #.# #.## ###
#..## ##.####...####
.####.......#.C..#
..........>...##@#
######.####.(###.#
#.# #..###.####. #.#
##.([÷.#......# #.#
#...<.#....#### #.#
#..[......#.# ###)#
#.....#..#..#
♣♣...###.......#...#
♣♣......(.#.....#####


You could see a cyclops.

Vanquished Creatures
  A sky beast (D:7)
  An ogre (D:7)
  A water moccasin skeleton (D:7)
  An orc priest (D:7)
  2 orc wizards (D:7)
  Robin (D:2)
  4 adders
  2 oozes (D:1)
  A worm (D:3)
  A dart slug (D:1)
  3 orcs (D:7)
  2 giant cockroaches (D:2)
  4 hobgoblins
  3 jackals (D:7)
  A kobold (D:2)
  4 bats
  A frilled lizard (D:1)
  17 goblins
  A jackal zombie (D:7)
  6 rats
  A plant (D:3)
58 creatures vanquished.

Notes
Turn   | Place    | Note
-------+----------+-------------------------------------------
     0 | D:1      | Elvor the Minotaur Fighter began the quest for the Orb.
     0 | D:1      | Reached XP level 1. HP: 19/19 MP: 0/0
   181 | D:1      | Reached XP level 2. HP: 27/27 MP: 1/1
   948 | D:2      | Reached XP level 3. HP: 33/33 MP: 2/2
  1010 | D:2      | Noticed Robin
  1038 | D:2      | Killed Robin
  1160 | D:2      | Reached XP level 4. HP: 36/40 MP: 3/3
  1488 | D:3      | You fall into a shaft and drop 3 floors!
  1488 | D:6      | Found a basalt altar of Yredelemnul.
  1489 | D:6      | Noticed Eustachio
  1494 | D:6      | Noticed Edmund
  1507 | D:6      | Found a burning altar of Makhleb.
  1523 | D:7      | Noticed a sky beast
  1533 | D:7      | Killed a sky beast
  1533 | D:7      | Reached skill level 1 in Throwing
  1533 | D:7      | Reached XP level 5. HP: 25/47 MP: 4/4
  1690 | D:7      | Noticed an ogre
  1699 | D:7      | Killed an ogre
  1699 | D:7      | Reached skill level 5 in Axes
  1699 | D:7      | Reached XP level 6. HP: 40/53 MP: 5/5
  1743 | D:6      | Noticed an orc warrior
  1770 | D:7      | Reached skill level 5 in Shields
  1799 | D:7      | Found a white marble altar of Elyvilon.
  1820 | D:7      | Reached skill level 5 in Armour
  1868 | D:7      | Noticed a cyclops
  1929 | D:7      | Hit by a large rock thrown by a cyclops

Illustrated notes

Levels and vault maps discovered:
D:1:      lightli_arrival_statuegarden, layout_basic
D:2:      layout_rooms, uniq_robin
D:3:      wad_woods_pond, layout_basic, marbit_many_paths, cheibriados_altar_1,
          minitemple, first_ration, gammafunk_ghost_smash
D:6:      cheibrodos_iron_armory, layout_basic,
          grunt_temple_overflow_order_and_chaos_2, hangedman_ru_absence,
          minmay_misc_feat_plants, yredelemnul_altar_generic, uniq_edmund,
          uniq_eustachio
D:7:      layout_loops_ring, elyvilon_altar_3, dancing_weapons_uskayaw,
          hangedman_decor_diamond_cutter

Skill      XL: |  1  2  3  4  5  6 |
---------------+-------------------+-----
Armour         | 4 5 |  5.0
Shields        | 4 5 |  5.1
Axes           | 3 4 5 |  5.1
Fighting       | 4 |  4.7
Throwing       | 1 |  1.4
Dodging        | 2 |  2.4

Action                   |  1- 3 |  4- 6 || total
-------------------------+-------+-------++-------
Melee: War axe           |    68 |    71 ||   139
       Headbutt          |    14 |    15 ||    29
Throw: Dart              |     8 |    18 ||    26
  Use: Scroll            |       |     6 ||     6
       Potion            |       |     1 ||     1
  Eat: Chunk             |     1 |     2 ||     3
Armor: Scale mail        |    27 |    31 ||    58
       Chain mail        |       |    19 ||    19
Dodge: Dodged            |    22 |    16 ||    38
Block: Kite shield       |    38 |    39 ||    77
